 Seeded DCSS version 0.29.1-4-g47bece8355 (webtiles) character file.

Game seed: 15482173601955151116 (custom seed)

440 kingsuperguy the Shield-Bearer (level 6, 0/52 (56) HPs)
             Began as a Minotaur Fighter on Dec 7, 2022.
             Slain by a wight
             ... wielding a +4 long sword of freezing
              (3 damage)
             ... on level 6 of the Dungeon.
             The game lasted 00:02:07 (2107 turns).

kingsuperguy the Shield-Bearer (Minotaur Fighter)   Turns: 2107, Time: 00:02:08

HP:   0/52 (56)     AC:  7    Str: 20    XL:     6   Next: 70%
MP:   5/5           EV:  9    Int:  5    God:
Gold: 109           SH:  5    Dex: 10    Spells: 5/5 levels left

rFire   . . .      SeeInvis +   n - +8 hand axe of the Crawling Thing {elec, rElec rC- Str-2 SInv}
rCold   x . .      Faith    .   c - +0 buckler
rNeg    . . .      Spirit   .   b - +0 scale mail
rPois   .          Reflect  .   (helmet restricted)
rElec   +          Harm     .   (no cloak)
rCorr   .          Rampage  .   (no gloves)
Will    .....                   (no boots)
Stlth   ..........              (no amulet)
HPRegen 0.17/turn               (no ring)
MPRegen 0.09/turn               (no ring)

@: drained
A: horns 2, retaliatory headbutt
a: no special abilities


You were on level 6 of the Dungeon.
You visited 1 branch of the dungeon, and saw 5 of its levels.

You collected 109 gold pieces.

Inventory:

Hand Weapons
 a - a +0 war axe
 n - the +8 hand axe of the Crawling Thing (weapon) {elec, rElec rC- Str-2 SInv}
   (You found it on level 4 of the Dungeon)

   It occasionally discharges a powerful burst of electricity upon striking a
   foe.
   Str:       It affects your strength (-2).
   rC:        It makes you vulnerable to cold.
   rElec:     It insulates you from electricity.
   SInv:      It lets you see invisible.
 o - a +0 war axe
Missiles
 q - a throwing net (quivered)
Armour
 b - a +0 scale mail (worn)
 c - a +0 buckler (worn)
Jewellery
 g - a +6 ring of intelligence
 k - a +6 ring of intelligence
 l - an amulet of the acrobat
 m - a +4 ring of evasion
Scrolls
 f - 2 scrolls of identify {unknown}
 h - 2 scrolls of enchant weapon {unknown}
Potions
 d - 2 potions of might
 e - a potion of resistance {unknown}
 i - a potion of heal wounds {unknown}
 j - 5 potions of curing {unknown}
 p - a potion of invisibility {unknown}


   Skills:
 + Level 5.5 Fighting
 + Level 4.7 Axes
 + Level 5.5 Armour
 + Level 5.6 Shields


You had 5 spell levels left.
You didn't know any spells.
Your spell library contained the following spells:

 Spells                   Type           Power      Damage    Failure   Level
 Ozocubu's Armour         Ice            0%         N/A       99%         3
 Ozocubu's Refrigeration  Ice            0%         4d7       100%        7


Dungeon Overview and Level Annotations

Branches:
Dungeon (6/15)
 Temple: D:4-7

Altars:


Innate Abilities, Weirdness & Mutations

You have a pair of horns on your head.
You reflexively headbutt those who attack you in melee.


Message History

The wight hits you with a +0 scimitar!
You hit the wight. Lightning courses through the wight!
You destroy the wight!
No target in view!
There is a stone staircase leading up here.
You start resting.
HP restored.
A wight comes into view.
It is wielding a +4 long sword of freezing.
Found a stone staircase leading up. 2 wights come into view.
Found a scroll labelled OSKISIY MUIX.
Things that are here:
a +0 scimitar; a +0 robe An iguana comes into view.
Found 7 gold pieces.
The iguana hisses angrily.
The wight hits you with a +4 long sword of freezing.
The wight freezes you.
You closely miss the wight.
The wight hits you with a +4 long sword of freezing.
The wight freezes you.
You hit the wight. Your headbutt misses the wight.
The wight is lightly damaged.
You slash the wight! x2
The wight hits you with a +4 long sword of freezing!
You feel drained. The wight freezes you.
The wight hits you with a +5 morningstar!
The wight hits you with a +0 short sword!
* * * LOW HITPOINT WARNING * * *
The wight attacks as you move away! The wight hits you but does no damage.
The wight barely misses you.
Things that are here:
a +0 scimitar; a +0 robe The wight attacks as you move away!
The wight hits you with a +4 long sword of freezing!
* * * LOW HITPOINT WARNING * * *
You feel drained.
* * * LOW HITPOINT WARNING * * *
The wight freezes you.
You die...

### ....
.....#############
........##.......#
#<.........#
#####@....?.#
#...zz......#
#....z......#
#.......l.###
...............
..####.......## .
<..##..## ?..# #..
..$.# ...


You could see an iguana and 3 wights.

Vanquished Creatures
  A water moccasin (D:5)
  A scorpion (D:5)
  A wight (D:6)
  2 hounds (D:5)
  A gnoll bouda (D:5)
  An orc priest (D:5)
  3 gnolls (D:5)
  2 adders (D:2)
  A worm (D:2)
  A dart slug (D:1)
  5 orcs
  5 bats
  2 giant cockroaches
  3 hobgoblins
  A quokka (D:4)
  3 ball pythons (D:1)
  4 frilled lizards (D:1)
  6 goblins
  5 kobolds
  6 rats
54 creatures vanquished.

Notes
Turn   | Place    | Note
-------+----------+-------------------------------------------
     0 | D:1      | kingsuperguy the Minotaur Fighter began the quest for the
                  | Orb.
     0 | D:1      | Reached XP level 1. HP: 19/19 MP: 0/0
   214 | D:1      | Reached XP level 2. HP: 27/27 MP: 1/1
   740 | D:2      | Found a faded altar of an unknown god.
   747 | D:2      | Reached XP level 3. HP: 33/33 MP: 2/2
  1281 | D:2      | You fall into a shaft and drop 2 floors!
  1447 | D:4      | Identified the +8 hand axe of the Crawling Thing {elec,
                  | rElec rC- Str-2 SInv}
  1520 | D:5      | Entered Level 5 of the Dungeon
  1528 | D:5      | Noticed a scorpion
  1533 | D:5      | Killed a scorpion
  1534 | D:5      | Reached XP level 4. HP: 35/41 MP: 3/3
  1596 | D:5      | Reached XP level 5. HP: 39/47 MP: 4/4
  1684 | D:5      | Reached skill level 5 in Shields
  1688 | D:5      | Reached skill level 5 in Fighting
  1751 | D:5      | Reached skill level 5 in Armour
  1791 | D:5      | Noticed a water moccasin
  1792 | D:5      | Reached XP level 6. HP: 54/56 MP: 5/5
  1811 | D:5      | Killed a water moccasin
  2107 | D:6      | Slain by a wight

Illustrated notes

Levels and vault maps discovered:
D:1:      sevenhm_arrival_forest_fort_small_3, layout_basic
D:2:      layout_loops_cross, serial_forest, infiniplex_forest_end_3,
          infiniplex_forest_clump_small, infiniplex_forest_lined_2,
          infiniplex_forest_end_1, infiniplex_forest_lined_corner,
          nicolae_ecumenical_pavilion
D:4:      layout_basic, kennysheep_mini, minitemple
D:5:      layout_loops_cross, minmay_temple_entry_antechambers
D:6:      layout_rooms, mainiacjoe_overflow_six_doors_small,
          mainiacjoe_overflow_alcove_4, gammafunk_ghost_arena,
          lightli_corner_chamber

Skill      XL: |  1  2  3  4  5 |
---------------+----------------+-----
Fighting       | 4 5 |  5.5
Armour         | 4 5 |  5.5
Shields        | 4 5 |  5.6
Axes           | 3 4 |  4.7

Action                   |  1- 3 |  4- 6 || total
-------------------------+-------+-------++-------
Melee: War axe           |    71 |       ||    71
       Headbutt          |     5 |     4 ||     9
       Hand axe          |     3 |    46 ||    49
Armor: Scale mail        |    43 |    14 ||    57
Dodge: Dodged            |    36 |    10 ||    46
Block: Buckler           |    17 |    11 ||    28
